 Dungeon Crawl Stone Soup version 0.26.1-11-gd32895ea62 (webtiles) character file.

Game seed: 17961902219030203622

48646 Almogavar the Blocker (level 14, -6/193 HPs)
             Began as a Minotaur Berserker on June 23, 2021.
             Was the Champion of Trog.
             Mangled by Snorg (8 damage)
             ... on level 3 of the Lair of Beasts.
             The game lasted 00:58:46 (19486 turns).

Almogavar the Blocker (Minotaur Berserker)         Turns: 19486, Time: 00:58:47

Health: -6/193     AC: 11    Str: 31    XL:     14   Next: 13%
Magic:  24/24      EV: 21    Int:  4    God:    Trog [******]
Gold:   176        SH: 13    Dex: 13    Spells: 13/13 levels left

rFire    + . .     SeeInvis .   X - +9 demon blade (flame)
rCold    . . .     Faith    .   J - +0 buckler
rNeg     . . .     Spirit   .   i - +1 ring mail {rF+}
rPois    .         Reflect  +   (helmet restricted)
rElec    .         Harm     +   s - scarf {harm}
rCorr    .         Rampage  .   f - +0 pair of gloves
Will     +++++                  m - +0 pair of boots
Stlth    ..........             n - amulet of reflection
HPRegen  1.42/turn              P - +4 ring of evasion
MPRegen  0.19/turn              q - ring "Nider" {Will++ MP+9 Str+3 Dex+4 Stlth+}

@: berserking, regenerating, very quick
A: retaliatory headbutt, horns 2
a: Renounce Religion, Berserk, Trog's Hand, Brothers in Arms


You were on level 3 of the Lair of Beasts.
You worshipped Trog.
Trog was exalted by your worship.
You visited 3 branches of the dungeon, and saw 18 of its levels.
You also visited: Bailey.

You collected 1852 gold pieces.
You spent 1676 gold pieces at shops.

Inventory:

Hand Weapons
 v - a +0 hand crossbow
 X - a +9 demon blade of flaming (weapon)
Missiles
 e - 347 bolts
Armour
 a - +0 steam dragon scales
 f - a +0 pair of gloves (worn)
 i - a +1 ring mail of fire resistance (worn)
 m - a +0 pair of boots (worn)
 s - a scarf of harm (worn)
 t - a +0 scale mail
 E - a +0 chain mail
 J - a +0 buckler (worn)
 O - a +0 cloak
Jewellery
 b - an uncursed ring of wizardry {unknown}
 g - an uncursed amulet of the acrobat
 n - an amulet of reflection (around neck)
 q - the ring "Nider" (right hand) {Will++ MP+9 Str+3 Dex+4 Stlth+}
   (You bought it in a shop on level 11 of the Dungeon)

   [ring of magical power]

   It affects your strength (+3).
   It affects your dexterity (+4).
   It affects your willpower, your defense against some magical effects.
   It affects your magic capacity (+9).
   It makes you more stealthy.
 w - an uncursed ring of fire
 G - a +6 ring of strength
 M - the amulet "Luigo" {rPois Will+ Regen+ Dex+5}
   (You bought it in a shop on level 11 of the Dungeon)

   [amulet of regeneration]

   It affects your dexterity (+5).
   It protects you from poison.
   It affects your willpower, your defense against some magical effects.
   It increases your rate of regeneration.
 P - a +4 ring of evasion (left hand)
 Z - an uncursed ring of resist corrosion
Wands
 h - a wand of disintegration (9)
 x - a wand of flame (74)
 y - a wand of iceblast (17)
 F - a wand of enslavement (19)
 T - a wand of paralysis (9)
 Y - a wand of polymorph (15)
Scrolls
 j - 2 scrolls of enchant armour
 k - 2 scrolls of blinking
 l - 6 scrolls of teleportation
 r - 2 scrolls of summoning {unknown}
 A - 4 scrolls of fog
 C - 7 scrolls of remove curse
 I - a scroll of magic mapping {unknown}
 K - a scroll of acquirement {unknown}
 L - a scroll of holy word {unknown}
 R - 2 scrolls of brand weapon {unknown}
 U - 3 scrolls of fear {unknown}
 W - a scroll of torment {unknown}
Potions
 c - 3 potions of flight
 d - 6 potions of haste
 p - 5 potions of heal wounds
 u - 3 potions of resistance
 B - a potion of invisibility {unknown}
 D - 2 potions of cancellation {unknown}
 H - 7 potions of curing {unknown}
 N - a potion of might {unknown}
Miscellaneous
 o - a lightning rod (4/4)
 Q - a lightning rod (4/4)


   Skills:
 + Level 13.3 Fighting
 - Level 14.5 Long Blades
 + Level 11.0 Armour
 + Level 10.7 Dodging
 - Level 0.7 Stealth
 - Level 14.6 Shields
 + Level 2.7 Invocations
 * Level 6.6 Evocations


You had 13 spell levels left.
You didn't know any spells.
Your spell library was empty.

Dungeon Overview and Level Annotations

Branches:
Dungeon (12/15)            Temple (0/1) D:7            Lair (4/6) D:10
  Swamp (0/4) Lair:4          Orc (2/2) D:12            Elf (0/3) Orc:2
 Bailey (visited)
  Snake: Lair:2-4    Spider: Lair:2-4

Altars:
Ashenzari
Dithmenos
Fedhas
Kikubaaqudgha
Nemelex Xobeh
Qazlal
Ru
Sif Muna
Trog
Uskayaw
Wu Jian
Xom
Yredelemnul
Beogh

Shops:
D:4 ?   D:9 ?   D:11 =   Orc:2 :?:[(

Annotations:
Lair:3 Snorg


Innate Abilities, Weirdness & Mutations

You reflexively headbutt those who attack you in melee.
You have a pair of horns on your head.


Message History

You barely miss Snorg. Your headbutt misses Snorg.
Snorg goes berserk!
You slice Snorg!! You burn Snorg. You headbutt Snorg.
Snorg is lightly wounded.
Snorg bites you. Snorg closely misses you. Snorg completely misses you.
You slice Snorg!! You burn Snorg! Your headbutt misses Snorg.
Snorg is heavily wounded.
You block Snorg's attack. Snorg claws you but does no damage. Snorg claws you!
* * * LOW HITPOINT WARNING * * *
You slash Snorg! You burn Snorg. You headbutt Snorg.
Snorg is severely wounded.
Snorg bites you!!
* * * LOW HITPOINT WARNING * * *
Snorg claws you.
* * * LOW HITPOINT WARNING * * *
Snorg barely misses you.
A red film seems to cover your vision as you go berserk!
You feel yourself moving faster!
You feel mighty! Snorg bites you!
* * * LOW HITPOINT WARNING * * *
You block Snorg's attack. Snorg claws you!
You die...

###.....##
#.....(..#
##......=.#
###.........#
#........?..#
.#...........#
........>....#
.............##
.......@......#
......T......##
............##
..............#
............###
#.........###
##}......##
##...####


You could see Snorg (berserk).

Vanquished Creatures
  A stone giant (Orc:1)
  The ghost of boben the Wallflower, a journeyman DsFi of Uskayaw (D:11)
  Harold (Orc:1)
  A hydra (Lair:3)
  A boulder beetle (D:12)
  2 dancing weapons
  A two-headed ogre (D:11)
  The ghost of koorschki the Black Sun, a novice DsNe of Kikubaaqudgha (D:9)
  Sonja (Orc:1)
  The ghost of Tyagj the Cudgeller, a novice HuFi of Hepliaklqana (D:7)
  Pikel (D:6)
  An orc knight (Bailey)
  An ugly thing (D:11)
  7 orc sorcerers
  Maurice (D:9)
  2 centaur zombies
  2 black mambas
  A gargoyle (D:10)
  9 cane toads
  2 kobold demonologists (D:12)
  Maggie (D:7)
  A rime drake (Lair:1)
  A centaur skeleton (D:11)
  2 komodo dragons
  6 trolls
  2 hornets (D:11)
  3 water elementals (D:12)
  A shadow (D:11)
  A wraith (D:12)
  21 yaks
  A vampire (D:12)
  2 wyverns
  A basilisk (Lair:1)
  A steam dragon (D:10)
  11 wargs
  Edmund (D:4)
  A soldier ant (D:12)
  An acid dragon (D:12)
  4 water moccasins
  32 orc warriors
  6 ice beasts
  3 sky beasts
  A phantom (D:8)
  3 necrophages (D:11)
  3 black bears
  7 centaurs
  4 ogres
  13 bullfrogs
  3 big kobolds
  A wyvern zombie (D:11)
  5 scorpions
  14 wights
  3 killer bees (D:7)
  8 electric eels (D:12)
  5 howler monkeys
  8 orc priests
  A bullfrog skeleton (D:10)
  5 hounds
  3 jellies
  6 iguanas
  Ijyb (D:4)
  55 orc wizards
  10 worker ants
  A killer bee zombie (D:8)
  A bullfrog simulacrum (D:9)
  2 hound skeletons
  2 howler monkey zombies (D:11)
  A mummy (D:11)
  2 howler monkey skeletons (D:6)
  7 gnolls
  8 adders
  6 white imps
  4 ufetubi
  An ooze (D:6)
  2 adder skeletons
  A worm (D:3)
  An adder simulacrum (D:9)
  A dart slug (D:1)
  4 leopard geckos
  81 orcs
  9 bats
  6 giant cockroaches
  6 goblins
  5 hobgoblins
  2 jackals (D:3)
  10 kobolds
  5 quokkas
  6 frilled lizards
  A quokka skeleton (D:6)
  3 rats
478 creatures vanquished.

Vanquished Creatures (collateral kills)
  An orc warrior (Bailey)
1 creature vanquished.

Vanquished Creatures (others)
  3 orcs
  A fungus (Lair:4)
  24 plants
  10 withered plants (D:11)
38 creatures vanquished.

Grand Total: 517 creatures vanquished

Notes
Turn   | Place    | Note
-------+----------+-------------------------------------------
     0 | D:1      | Almogavar the Minotaur Berserker began the quest for the
                  | Orb.
     0 | D:1      | Reached XP level 1. HP: 19/19 MP: 0/0
   113 | D:1      | Reached XP level 2. HP: 27/27 MP: 1/1
   849 | D:2      | Reached XP level 3. HP: 33/33 MP: 2/2
   866 | D:2      | Reached ** piety under Trog
  1458 | D:3      | Found a sacrificial altar of Ru.
  1528 | D:3      | Reached XP level 4. HP: 26/41 MP: 3/3
  1731 | D:3      | Reached skill level 5 in Long Blades
  2036 | D:3      | Found an ornate altar of the Wu Jian Council.
  2164 | D:4      | Noticed Edmund
  2169 | D:4      | Killed Edmund
  2170 | D:4      | Reached XP level 5. HP: 47/47 MP: 4/4
  2535 | D:4      | Reached skill level 1 in Shields
  2537 | D:4      | Reached XP level 6. HP: 55/55 MP: 5/5
  2706 | D:4      | Noticed Ijyb
  2707 | D:4      | Found Nosof's Magic Scroll Shop.
  2719 | D:4      | Killed Ijyb
  2829 | D:5      | Entered Level 5 of the Dungeon
  2894 | D:5      | Reached skill level 5 in Fighting
  3018 | D:5      | Found a bloodstained altar of Trog.
  3073 | D:5      | Found a shimmering altar of Xom.
  3240 | D:5      | Found a blossoming altar of Fedhas.
  3486 | D:5      | Found a stormy altar of Qazlal.
  4133 | D:6      | Noticed an ice beast
  4152 | D:6      | Killed an ice beast
  4347 | D:6      | Reached XP level 7. HP: 61/61 MP: 6/6
  4678 | D:6      | Noticed Pikel
  4705 | D:6      | Killed Pikel
  4706 | D:6      | Reached XP level 8. HP: 50/70 MP: 7/7
  4717 | D:6      | Reached skill level 5 in Dodging
  4724 | D:6      | Reached *** piety under Trog
  5519 | D:6      | Found an ancient bone altar of Kikubaaqudgha.
  5523 | D:6      | Found a broken altar of Ashenzari.
  6039 | D:7      | Reached skill level 5 in Armour
  6199 | D:7      | Noticed Maggie
  6217 | D:7      | Killed Maggie
  6218 | D:7      | Reached skill level 10 in Long Blades
  6218 | D:7      | Reached XP level 9. HP: 66/78 MP: 8/8
  6675 | D:7      | Found a shimmering blue altar of Sif Muna.
  6736 | D:7      | Found a runed translucent door.
  6736 | D:7      | Found a shimmering altar of Xom.
  6736 | D:7      | Noticed Tyagj's ghost (novice HuFi)
  6736 | D:7      | Noticed a +1 flail of chaos
  6754 | D:7      | Killed a +1 flail of chaos
  6761 | D:7      | Killed Tyagj's ghost
  7026 | D:7      | Found a staircase to the Ecumenical Temple.
  7110 | D:7      | Found a sparkling altar of Nemelex Xobeh.
  7352 | D:8      | Reached XP level 10. HP: 78/88 MP: 9/9
  7625 | D:8      | Reached **** piety under Trog
  7743 | D:8      | Found a flagged portal.
  7754 | Bailey   | Entered a bailey
  8573 | Bailey   | Found a roughly hewn altar of Beogh.
  8573 | Bailey   | Noticed an orc knight
  8588 | Bailey   | Killed an orc knight
  8589 | Bailey   | Reached skill level 5 in Shields
  9592 | D:8      | Found a shadowy altar of Dithmenos.
 10188 | D:9      | Found a runed translucent gate.
 10188 | D:9      | Found a runed translucent gate.
 10188 | D:9      | Found a runed translucent gate.
 10317 | D:9      | Noticed koorschki's ghost (novice DsNe)
 10334 | D:9      | Reached ***** piety under Trog
 10371 | D:9      | Found a hide-covered altar of Uskayaw.
 10456 | D:9      | Found Tegass's Magic Scroll Boutique.
 10825 | D:9      | Found a basalt altar of Yredelemnul.
 10921 | D:9      | Noticed Maurice
 10931 | D:9      | Killed Maurice
 10932 | D:9      | Reached XP level 11. HP: 95/95 MP: 10/10
 11315 | D:9      | Killed koorschki's ghost
 11368 | D:10     | Entered Level 10 of the Dungeon
 11404 | D:10     | Found a staircase to the Lair.
 11520 | D:10     | Found a sacrificial altar of Ru.
 11632 | D:10     | Found a blossoming altar of Fedhas.
 12286 | D:11     | Found a runed translucent door.
 12286 | D:11     | Found a shimmering altar of Xom.
 12286 | D:11     | Noticed a +1 quarterstaff of chaos
 12286 | D:11     | Noticed boben's ghost (journeyman DsFi)
 12301 | D:11     | Noticed a white ugly thing
 12313 | D:11     | Killed a white ugly thing
 12373 | D:11     | Noticed a two-headed ogre
 12376 | D:11     | Killed a two-headed ogre
 12468 | D:11     | Received a gift from Trog
 12539 | D:11     | Reached skill level 10 in Shields
 12673 | D:11     | Found Tuimu's Jewellery Boutique.
 12893 | D:11     | Reached skill level 10 in Fighting
 13010 | D:11     | Killed boben's ghost
 13015 | D:11     | Killed a +1 quarterstaff of chaos
 13016 | D:11     | Reached XP level 12. HP: 106/106 MP: 11/11
 13102 | D:12     | Reached skill level 1 in Evocations
 13803 | D:12     | Reached skill level 10 in Armour
 13803 | D:12     | Reached XP level 13. HP: 115/115 MP: 11/14
 14043 | D:12     | Found a staircase to the Orcish Mines.
 14645 | Orc:1    | Entered Level 1 of the Orcish Mines
 14903 | Orc:1    | Noticed Sonja
 14917 | Orc:1    | Killed Sonja
 15482 | Orc:2    | Entered Level 2 of the Orcish Mines
 15496 | Orc:2    | Reached skill level 5 in Evocations
 15498 | Orc:2    | Reached skill level 10 in Dodging
 15508 | Orc:2    | Paralysed by an orc sorcerer for 3 turns
 16222 | Orc:2    | Paralysed by an orc sorcerer for 2 turns
 16265 | Orc:2    | Reached ****** piety under Trog
 16447 | Orc:2    | Paralysed by an orc sorcerer for 7 turns
 16457 | Orc:2    | Received a gift from Trog
 16611 | Orc:2    | Found Gashogg's Book Boutique.
 16617 | Orc:2    | Found a staircase to the Elven Halls.
 17165 | Orc:2    | Found Myomint's Book Boutique.
 17165 | Orc:2    | Found Keddih's Magic Scroll Emporium.
 17229 | Orc:2    | Found a roughly hewn altar of Beogh.
 17253 | Orc:2    | Found Toxuic's Antique Armour Boutique.
 17253 | Orc:2    | Found Nighod's Antique Weapon Emporium.
 17435 | Orc:1    | Noticed Harold
 17446 | Orc:1    | Killed Harold
 17525 | Orc:1    | Noticed a stone giant
 17535 | Orc:1    | Killed a stone giant
 17822 | Orc:1    | Received a gift from Trog
 18329 | D:9      | Bought a scroll of identify for 24 gold pieces
 18405 | D:11     | Bought the ring "Nider" {Will++ MP+9 Str+3 Dex+4 Stlth+}
                  | for 793 gold pieces
 18405 | D:11     | Bought the amulet "Luigo" {rPois Will+ Regen+ Dex+5} for
                  | 859 gold pieces
 18510 | Lair:1   | Entered Level 1 of the Lair of Beasts
 19044 | Lair:1   | Reached XP level 14. HP: 127/127 MP: 15/15
 19438 | Lair:2   | You fall into a shaft and drop 2 floors!
 19440 | Lair:4   | Found a staircase to the Swamp.
 19472 | Lair:3   | Noticed Snorg
 19486 | Lair:3   | HP: 2/193 [Snorg (16)]
 19486 | Lair:3   | Mangled by Snorg

Illustrated notes

Levels and vault maps discovered:
D:1:      co_arrival_random_square_maze, layout_basic
D:2:      layout_basic, st_stairs_9
D:3:      layout_basic, old_standard_altar, nzn_wu_jian_council_hall,
          minmay_misc_feat_encased, minmay_fountain_box
D:4:      layout_basic, serial_shops, nicolae_shop_trees, nrook_loot_triangle,
          uniq_ijyb, uniq_edmund
D:5:      layout_loops_corners, lightli_temple_of_fire, fedhas_altar_1,
          kennysheep_little_box, old_standard_altar, corexii_corridor_pit
D:6:      minmay_flawed_box, layout_rooms, nicolae_overflow_hidden_temple,
          uniq_pikel
D:7:      layout_cave_pods, lemuel_crystal_altar, led_sif_pool,
          minmay_temple_entry_junction, ebering_ghost_xom, uniq_maggie
D:8:      layout_cave_pods, nicolae_dithmenos_the_darkroom, enter_bailey_5
D:9:      layout_grid_maze, eat_drink_and_be_merry_uskayaw,
          yredelemnul_altar_generic, gammafunk_ghost_icy, serial_shops,
          shop_fountains, uniq_maurice
D:10:     layout_irregular_city, lair_entry_dummy, basic_altar,
          nicolae_ru_path_of_blood
D:11:     layout_loops_ring, ebering_ghost_xom, serial_undead, serial_undead_d,
          serial_undead_c, serial_undead_c, serial_undead_b, serial_undead_f,
          serial_undead_c, serial_shops, shop
D:12:     layout_irregular_city, orc_0_dummy, minivault_5, minivault_22,
          chequers_big_river, serial_bayou_lake_a
Lair:1:   layout_roguey, beast_lair_carwin_5
Lair:2:   layout_chaotic_city, spider_nest_entry_a
Lair:3:   layout_cave_pods, infiniplex_staircase_pool_2, grunt_megastairs_1,
          minmay_lair_oklob_chamber, uniq_snorg
Lair:4:   layout_big_grid, minmay_swamp_entry_worms,
          chequers_serial_rivers_micro_d, lemuel_fruit_fields, uniq_urug
Orc:1:    layout_caves, uniq_harold, uniq_sonja
Orc:2:    st_orc_town, layout_caves, serial_shops, shop_fountains

Skill      XL: |  1  2  3  4  5  6  7  8  9 10 11 12 13 14 |
---------------+-------------------------------------------+-----
Long Blades    | 4 5 6 7 8 10 11 13 14 | 14.5
Fighting       | 4 5 6 7 8 10 12 13 | 13.3
Armour         | 3 4 5 7 8 9 10 11 | 11.0
Shields        | 1 2 3 8 11 12 14 | 14.6
Dodging        | 3 4 6 7 8 9 10 | 10.7
Evocations     | 4 6 |  6.6
Invocations    | 2 |  2.7
Stealth        | |  0.7

Action                   |  1- 3 |  4- 6 |  7- 9 | 10-12 | 13-15 || total
-------------------------+-------+-------+-------+-------+-------++-------
Melee: Falchion          |    71 |    90 |   144 |       |       ||   305
       Headbutt          |    13 |    16 |    47 |   122 |    88 ||   286
       Scimitar          |       |       |    83 |   329 |       ||   412
       Demon blade       |       |       |       |    95 |   413 ||   508
Invok: Berserk           |     1 |     2 |     5 |     4 |     1 ||    13
       Trog's Hand       |       |     1 |     3 |     4 |     1 ||     9
Evoke: Wand              |       |       |       |     1 |     4 ||     5
  Use: Scroll            |     2 |     6 |     7 |     5 |     5 ||    25
       Potion            |       |       |       |     1 |       ||     1
Armor: Animal skin       |     4 |       |       |       |       ||     4
       Leather armour    |    17 |    19 |    32 |       |       ||    68
       Ring mail         |       |       |    33 |    95 |    69 ||   197
Dodge: Dodged            |    42 |    44 |   104 |   171 |   153 ||   514
Block: Other             |    12 |    15 |    23 |       |       ||    50
       Buckler           |       |       |     1 |   169 |   155 ||   325
       Reflection        |       |       |       |    33 |    11 ||    44
       Rpst.: Falchion   |    13 |    11 |    19 |       |       ||    43
       Scimitar          |       |       |    16 |    33 |       ||    49
       Demon blade       |       |       |       |     3 |    34 ||    37
